 Dungeon Crawl Stone Soup version 0.28-a0-1415-g7c84da0 (webtiles) character file.

Game seed: 1836354741049765373

53 Dorkslayer the Skirmisher (level 3, -4/29 HPs)
             Began as a Demonspawn Fighter on Jan 7, 2022.
             Slain by Terence (5 damage)
             ... on level 2 of the Dungeon.
             The game lasted 00:02:03 (1313 turns).

Dorkslayer the Skirmisher (Demonspawn Fighter)      Turns: 1313, Time: 00:02:03

Health: -4/29      AC:  9    Str: 18    XL:     3   Next: 62%
Magic:  3/3        EV:  9    Int:  9    God:
Gold:   61         SH:  4    Dex: 12    Spells: 2/2 levels left

rFire   . . .      SeeInvis .   a - +0 long sword
rCold   . . .      Faith    .   c - +0 buckler
rNeg    . . .      Spirit   .   b - +0 scale mail
rPois   .          Reflect  .   (no helmet)
rElec   .          Harm     .   (no cloak)
rCorr   .          Rampage  .   (no gloves)
Will    .....                   (no boots)
Stlth   ..........              (no amulet)
HPRegen 0.09/turn               (no ring)
MPRegen 0.08/turn               (no ring)

@: mighty
A: thin metallic scales 2
a: no special abilities


You were on level 2 of the Dungeon.
You visited 1 branch of the dungeon, and saw 2 of its levels.

You collected 61 gold pieces.

Inventory:

Hand Weapons
 a - a +0 long sword (weapon)
Armour
 b - a +0 scale mail (worn)
 c - a +0 buckler (worn)
Scrolls
 f - a scroll of identify {unknown}
 h - a scroll of noise {unknown}
 j - a scroll of vulnerability {unknown}
Potions
 e - 2 potions of mutation {unknown}
 g - 2 potions of flight {unknown}
 i - a potion of brilliance {unknown}


   Skills:
 + Level 3.5 Fighting
 + Level 2.2 Long Blades
 + Level 3.1 Armour
 + Level 0.1 Dodging
 + Level 3.1 Shields


You had 2 spell levels left.
You didn't know any spells.
Your spell library was empty.

Dungeon Overview and Level Annotations

Branches:
Dungeon (2/15)

Altars:

Shops:
D:1 (

Annotations:
D:2 Terence


Innate Abilities, Weirdness & Mutations

You are mostly covered in thin metallic scales. (AC +3)


Message History

Pain shoots through your body!
You closely miss Jessica.
Jessica is heavily wounded.
Jessica hits you with a +0 club.
Jessica drinks a potion.
Jessica suddenly seems more resistant.
An endoplasm comes into view.
The endoplasm quivers.
You hit Jessica.
Jessica is severely wounded.
Jessica barely misses you.
You closely miss Jessica.
Jessica is severely wounded.
You block Jessica's attack.
You hit Jessica.
You kill Jessica!
Your Long Blades skill increases to level 2!
You have reached level 3!
Your experience leads to an increase in your attributes!
Increase (S)trength, (I)ntelligence, or (D)exterity?
You feel stronger. x2; Your demonic ancestry asserts itself...
Thin metallic scales spread over more of your body.
You slash the endoplasm!
You kill the endoplasm!
Terence the Incautious comes into view.
He is wielding a +5 falchion of distortion.
Terence shouts!
Things that are here:
a +0 club; a +0 robe You feel very mighty all of a sudden.
You barely miss Terence. Terence hits you but does no damage.
Space warps horribly around you!!
Ouch! That really hurt!
* * * LOW HITPOINT WARNING * * *
Terence bares his teeth.
Terence closely misses you.
You barely miss Terence.
Terence shouts, "DIE!!!"
Terence completely misses you.
You barely miss Terence. Terence hits you but does no damage.
Space warps around you.
You die...

## . #.
#.###.###########
................#
#..##..@#######.#
#..#@....##.#
#..# ....#.#.#
#.# ####..#.##
... .#.<# #!.
#.## #.. #.# #.
..# ....


You could see Terence.

Vanquished Creatures
  Jessica (D:2)
  2 endoplasms
  A giant cockroach (D:1)
  4 goblins (D:1)
  6 hobgoblins (D:1)
  3 quokkas (D:1)
  A ball python (D:1)
  2 bats (D:1)
  3 rats (D:1)
23 creatures vanquished.

Notes
Turn   | Place    | Note
-------+----------+-------------------------------------------
     0 | D:1      | Dorkslayer the Demonspawn Fighter began the quest for the
                  | Orb.
     0 | D:1      | Reached XP level 1. HP: 18/18 MP: 1/1
   211 | D:1      | Gained mutation: You are partially covered in thin metallic
                  | scales. (AC +2) [demonic ancestry]
   211 | D:1      | Reached XP level 2. HP: 23/24 MP: 2/2
   538 | D:1      | Found a faded altar of an unknown god.
   881 | D:1      | Found Nico's Weapon Shop.
  1301 | D:2      | Noticed Jessica
  1307 | D:2      | Killed Jessica
  1308 | D:2      | Gained mutation: You are mostly covered in thin metallic
                  | scales. (AC +3) [demonic ancestry]
  1308 | D:2      | Reached XP level 3. HP: 24/29 MP: 3/3
  1309 | D:2      | Noticed Terence
  1311 | D:2      | HP: 1/29 [Terence (24)]
  1313 | D:2      | Slain by Terence

Illustrated notes

Levels and vault maps discovered:
D:1:      psy_arrival_whirlpool, layout_basic,
          shapermc_ecumenical_altar_totnotflames, serial_shops, shop,
          nicolae_figureground_sparkle
D:2:      layout_basic, minmay_3d_cube, uniq_jessica, uniq_terence

Skill      XL: |  1  2 |
---------------+-------+-----
Shields        | 3 |  3.1
Armour         | 3 |  3.1
Long Blades    | 2 |  2.2
Fighting       | |  3.5
Dodging        | |  0.1

Action                   || total
-------------------------++-------
Melee: Long sword        ||    88
  Use: Potion            ||     1
Armor: Scale mail        ||    49
Dodge: Dodged            ||    37
Block: Buckler           ||    13

Table legend: (Time is in decaauts)
 A = Elapsed time spent in this place.
 B = Non-inter-level travel time spent in this place.
 C = Inter-level travel time spent in this place.
 D = Time resting spent in this place.
 E = Time spent auto-exploring this place.
 F = Levels seen in this place.
 G = Mean time per level.
                   A        B        C        D        E       F      G
               +--------+--------+--------+--------+--------+-----+--------+
         Total |   1345 |   1345 |      0 |    192 |    716 |   2 |  672.5 |
       Dungeon |   1345 |   1345 |      0 |    192 |    716 |   2 |  672.5 |
               +--------+--------+--------+--------+--------+-----+--------+

Top non-repeatable levels by time:
     D:1: 1316 daAuts
     D:2: 28 daAuts
